 Dungeon Crawl Stone Soup version 0.13-a0-1577-g2bae144 (webtiles) character file.

169 Kae the Shooter (level 4, 27/36 HPs)
             Began as a Centaur Hunter on June 11, 2013.
             Was a Plaything of Xom.
             Quit the game on Level 2 of the Dungeon.
             The game lasted 00:03:20 (1535 turns).

Kae the Shooter (Centaur Hunter)                    Turns: 1535, Time: 00:03:20

HP  27/36        AC  4     Str 14      XL: 4   Next: 13%
MP   2/11        EV  9     Int 10      God: Xom
Gold 92          SH  0     Dex 10      Spells:  0 memorised,  3 levels left

Res.Fire  : . . .   See Invis. : .   b - +2,+1 bow
Res.Cold  : . . .   Warding    : .   d - +0 leather armour
Life Prot.: . . .   Conserve   : .   (no shield)
Res.Poison: .       Res.Corr.  : .   (no helmet)
Res.Elec. : .       Clarity    : .   (no cloak)
Sust.Abil.: . .     Spirit.Shd : .   (no gloves)
Res.Mut.  : .       Stasis     : .   (no barding)
Res.Rott. : .       Flight     : .   (no amulet)
Saprovore : . . .                    (no ring)
                                     j - ring of magical power

@: very quick, slightly resistant to hostile enchantments, extremely unstealthy
A: hooves 3, deformed body, deterioration 2, herbivore 1, speed 2, fast
metabolism 1, tough skin 3, Str -1
a: Renounce Religion


You were on level 2 of the Dungeon.
You worshipped Xom.
You were a toy of Xom.
You were very hungry.

You visited 1 branch of the dungeon, and saw 2 of its levels.

You collected 72 gold pieces.

Inventory:

Hand weapons
 a - a +0,+0 short sword
 b - a +2,+1 bow (weapon)
Missiles
 c - 33 arrows (quivered)
 n - 2 darts
Armour
 d - a +0 leather armour (worn)
Comestibles
 f - 2 bread rations
 g - a meat ration
 i - a honeycomb
Scrolls
 e - 2 scrolls of fear
 m - a scroll of enchant weapon I
Jewellery
 j - a ring of magical power (left hand)


   Skills:
 - Level 1.0 Fighting
 + Level 7.5 Bows
 - Level 1.3 Dodging
 - Level 0.5 Stealth


You had 3 spell levels left.
You didn't know any spells.

Dungeon Overview and Level Annotations

Branches:
Dungeon (2/27)

Altars:
Xom


Innate Abilities, Weirdness & Mutations

You have hooves in place of feet.
Armour fits poorly on your strangely shaped body.
You digest meat inefficiently.
You cover ground very quickly.
You have a fast metabolism.
You have extremely tough skin (AC +3).
Your body is deteriorating.
You are weak (Str -1).


Message History

You can't eat that!
There is a stone staircase leading down here.
There is a stone staircase leading down here.
Unknown command.
Read which item? (? for menu, Esc to quit)
As you read the scroll labeled OMAUSI CLOU, it crumbles to dust.
You assume a fearsome visage.
Nothing appears to happen.
It was a scroll of fear.
Read which item? (? for menu, Esc to quit)
As you read the scroll labeled TWE RUNUOVY, it crumbles to dust.
Use on which item? (\ to view known items) (? for menu, Esc to quit)
Nothing appears to happen.
Read which item? (? for menu, Esc to quit)
As you read the scroll labeled ATSOSKE LINT, it crumbles to dust.
Your +1,+1 bow glows green for a moment.
It was a scroll of enchant weapon I.
Put on which piece of jewellery? (? for menu, Esc to quit)
You feel your magic capacity increase.
j - a ring of magical power (left hand) Are you sure you want to abandon this character and quit the game? (Confirm with "yes".)

# # #. ...##############
#.###........@.....#
.......>....######.#
.#########.## #.##
..###### #..###.....#
#####.<....###.#....###...
................###.# ..#
#.###.####.###.## ..##
#.###.# # ##.## ) ...#
....#.# #.##...##.# #..#


There were no monsters in sight!

Vanquished Creatures
  2 adders (D:2)
  A gnoll (D:1)
  A ball python (D:1)
  4 giant cockroaches
  7 hobgoblins
  3 jackals (D:2)
  A quokka (D:2)
  8 bats
  2 giant newts (D:2)
  7 goblins
  7 kobolds
  3 rats (D:1)
46 creatures vanquished.

Vanquished Creatures (others)
  A goblin (D:1)
1 creature vanquished.

Grand Total: 47 creatures vanquished

Notes
Turn   | Place    | Note
--------------------------------------------------------------
     0 | D:1      | Kae, the Centaur Hunter, began the quest for the Orb.
     0 | D:1      | Reached XP level 1. HP: 17/17 MP: 0/0
   156 | D:1      | Reached skill level 6 in Bows
   156 | D:1      | Reached XP level 2. HP: 12/24 MP: 1/1
   663 | D:1      | Reached XP level 3. HP: 25/29 MP: 2/2
  1051 | D:2      | Reached skill level 7 in Bows
  1113 | D:2      | Found a shimmering altar of Xom.
  1115 | D:2      | Found a shimmering altar of Xom.
  1117 | D:2      | Found a shimmering altar of Xom.
  1117 | D:2      | Found a shimmering altar of Xom.
  1155 | D:2      | Found a shimmering altar of Xom.
  1157 | D:2      | Became a worshipper of Xom the Tricky
  1170 | D:2      | XOM: harmless Erth miscast
  1306 | D:2      | Gained mutation: You are weak (Str -1). [potion of mutation]
  1306 | D:2      | Gained mutation: Your body is slowly deteriorating. [potion of mutation]
  1306 | D:2      | Gained mutation: Your body is deteriorating. [potion of mutation]
  1308 | D:2      | Gained mutation: You have a very fast metabolism. [potion of mutation]
  1308 | D:2      | Lost mutation: You have a very fast metabolism. [potion of mutation]
  1507 | D:2      | Reached XP level 4. HP: 24/36 MP: 2/2
  1535 | D:2      | Quit the game

Action                   |  1- 3 |  4- 6 || total
-------------------------+-------+-------++-------
Melee: Short sword       |   150 |       ||   150
 Fire: Bow               |    20 |       ||    20
Throw: Dart              |     2 |       ||     2
  Use: Potion            |     3 |       ||     3
       Scroll            |       |     3 ||     3
